 Dungeon Crawl Stone Soup version bcrawl-1.36.4 (webtiles) character file.

Game seed: 2534717152900470730

144372 gabibbone the Cutter (level 5, -2/32 HPs)
             Began as an Avariel Reaver on July 1, 2022.
             Was a Believer of Vehumet.
             Slain by an ogre
             ... wielding a +0 giant spiked club
              (19 damage)
             ... on level 3 of the Dungeon.
             The game lasted 00:06:17 (2704 turns).

gabibbone the Cutter (Avariel Reaver)               Turns: 2704, Time: 00:06:17

Health: -2/32      AC:  6    Str:  9    XL:     5   Next: 57%
Magic:  9/13       EV: 11    Int: 20    God:    Vehumet [**....]
Gold:   164        SH:  4    Dex: 12    Spells: 5/12 levels left

rFire    . . .     SeeInvis .   a - +0 rapier
rCold    . . .     Gourm    .   k - +0 buckler
rNeg     . . .     Faith    .   b - +0 steam dragon scales
rPois    .         Spirit   .   (no helmet)
rElec    .         Reflect  .   (no cloak)
rCorr    .                      (no gloves)
MR       .....                  r - +0 pair of boots
Stlth    +.........             (no amulet)
HPRegen  0.10/turn              (no ring)
MPRegen  0.13/turn              (no ring)

@: no status effects
A: no striking features
a: Renounce Religion


You were on level 3 of the Dungeon.
You worshipped Vehumet.
Vehumet was pleased with you.
You were hungry.

You visited 1 branch of the dungeon, and saw 3 of its levels.

You collected 164 gold pieces.

Inventory:

Hand Weapons
 a - a +0 rapier (weapon)
Missiles
 g - 581 stones (quivered)
Armour
 b - +0 steam dragon scales (worn)
 k - a +0 buckler (worn)
 r - a +0 pair of boots (worn)
Scrolls
 d - 3 scrolls of immolation
 i - a scroll of remove curse {unknown}
 l - a scroll of fear {unknown}
 p - a scroll of noise {unknown}
Potions
 c - a potion of haste
 f - 3 potions of heal wounds {unknown}
 h - a potion of magic {unknown}
 j - 2 potions of mutation {unknown}
 m - 3 potions of curing {unknown}
 n - a potion of berserk rage {unknown}
 o - 2 potions of degeneration {unknown}
Comestibles
 e - 8 rations {!d}
 q - 4 chunks of flesh


   Skills:
 - Level 3.4 Fighting
 - Level 5.0 Short Blades
 - Level 3.2 Dodging
 + Level 0.1 Shields
 - Level 4.4 Spellcasting
 + Level 1.1 Conjurations


You had 5 spell levels left.
You knew the following spells:

 Your Spells              Type           Power        Failure   Level  Hunger
a - Sandblast             Erth           #.....       10%         1    None
b - Magic Dart            Conj           #...         6%          1    None
c - Iskenderun's Battles  Conj/Chrm      #.......     86%         5    ######.

Your spell library contained the following spells:

 Spells                   Type           Power        Failure   Level  Hunger


Dungeon Overview and Level Annotations

Branches:
Dungeon (3/12)

Altars:
Elyvilon
Kikubaaqudgha


Message History

The ogre hits you with a +0 giant spiked club!
You hit the ogre but do no damage.
The ogre is heavily wounded.
The ogre closely misses you.
You hit the ogre.
The ogre is severely wounded.
You are feeling hungry.
You hit the ogre but do no damage.
The ogre is severely wounded.
You block the ogre's attack.
You hit the ogre.
The ogre is almost dead.
The ogre closely misses you.
You barely miss the ogre.
The ogre is almost dead.
You barely miss the ogre.
The ogre is almost dead.
The ogre hits you with a +0 giant spiked club!!
Ouch! That really hurt!
You die...

#.......#
#...%...#
#.......#
#.......#
#[......###
#..........
#..g....... #O#
#@# ###'#####
#.......#
####.......#
#..........#
#..........#
#...##........
#...##########
+...'....#######


You could see an ogre and a hobgoblin.

Vanquished Creatures
  2 vampire bats (D:2)
  An adder (D:3)
  An ooze (D:1)
  5 dart slugs
  3 leopard geckos
  4 orcs (D:3)
  7 bats
  A bat skeleton (D:2)
  6 bat zombies (D:2)
  7 goblins
  5 hobgoblins
  6 jackals
  2 ball pythons (D:1)
  4 frilled lizards
  10 kobolds
  3 rats (D:2)
67 creatures vanquished.

Notes
Turn   | Place    | Note
-------+----------+-------------------------------------------
     0 | D:1      | gabibbone the Avariel Reaver began the quest for the Orb.
     0 | D:1      | Reached XP level 1. HP: 13/13 MP: 6/6
   237 | D:1      | Reached XP level 2. HP: 17/18 MP: 7/7
   389 | D:1      | Reached skill level 4 in Short Blades
   712 | D:1      | Reached XP level 3. HP: 20/22 MP: 9/9
   897 | D:2      | Reached * piety under Vehumet
   897 | D:2      | Offered knowledge of Sandblast by Vehumet.
   983 | D:1      | Learned a level 1 spell: Sandblast
  1118 | D:2      | Found a white marble altar of Elyvilon.
  1249 | D:2      | Reached skill level 5 in Short Blades
  1505 | D:2      | Reached XP level 4. HP: 27/27 MP: 6/10
  1684 | D:2      | Found an ancient bone altar of Kikubaaqudgha.
  1694 | D:2      | Offered knowledge of Magic Dart by Vehumet.
  1717 | D:2      | Reached XP level 5. HP: 16/32 MP: 10/13
  1988 | D:3      | Learned a level 1 spell: Magic Dart
  1994 | D:3      | Learned a level 5 spell: Iskenderun's Battlesphere
  2031 | D:3      | Reached ** piety under Vehumet
  2297 | D:3      | Noticed a phantom
  2553 | D:3      | Reached skill level 1 in Conjurations
  2691 | D:3      | Noticed an ogre
  2704 | D:3      | Slain by an ogre

Skill      XL: |  1  2  3  4  5 |
---------------+----------------+-----
Short Blades   | 4 5 |  5.0
Spellcasting   | 3 4 |  4.4
Fighting       | 3 |  3.4
Conjurations   | 1 |  1.1
Dodging        | |  3.2
Shields        | |  0.1

Action                   |  1- 3 |  4- 6 || total
-------------------------+-------+-------++-------
Melee: Rapier            |    87 |    89 ||   176
 Cast: Sandblast         |    19 |    11 ||    30
       Magic Dart        |       |    17 ||    17
  Use: Scroll            |     1 |     1 ||     2
  Eat: Chunk             |     4 |     6 ||    10
Armor: Steam dragon scal |    14 |    48 ||    62
Dodge: Dodged            |    53 |   109 ||   162
Block: Buckler           |       |     5 ||     5
